Map: Ice and Chrome LE

Players

Nina - Winner!

  • Race: Protoss Protoss
  • League: Grandmaster
  • Spawn Location: 7:00

Asuna

  • Race: Protoss Protoss
  • Spawn Location: 1:00

Event: DreamHack SC2 Masters 2020 Fall

VOD

Have the link to the VOD?

Description

Time

  • Played on: Sept. 6, 2020, 3:59 p.m.
  • Length: 7:50

All games in this series

Show
View Real Time Build Order
Export as new Build Order

Nina Protoss - Winner!

Build Orders: Oracle Opening 

Get SALT Encoding   

  12  0:00  Probe  
  13  0:12  Probe  
  14  0:17  Pylon  
  14  0:24  Probe  
  15  0:35  Gateway  
  15  0:36  Probe (Chrono Boost)  
  16  0:46  Assimilator, Probe (Chrono Boost)  
  17  0:51  Probe (Chrono Boost)  
  17  0:54  Assimilator  
  18  1:03  Probe (Chrono Boost)  
  19  1:07  Gateway  
  19  1:13  Probe (Chrono Boost)  
  19  1:18  Probe (Chrono Boost)  
  20  1:23  Cybernetics Core  
  21  1:29  Probe  
  22  1:33  Pylon  
  22  1:41  Probe  
  23  1:53  Probe  
  24  1:59  Adept x2  
  28  2:04  Stargate  
  28  2:06  Probe  
  29  2:12  Warp Gate  
  29  2:19  Pylon  
  29  2:30  Stalker  
  31  2:37  Stalker  
  31  2:40  Probe  
  34  2:55  Oracle (Chrono Boost)  
  34  3:02  Probe  
  38  3:14  Probe  
  39  3:21  Nexus  
  39  3:34  Probe  
  38  3:39  Oracle (Chrono Boost)  
  38  3:45  Robotics Facility  
  39  3:49  Shield Battery  
  39  3:56  Pylon  
  39  4:14  Phoenix (Chrono Boost), Stalker  
  43  4:23  Stalker  
  45  4:25  Probe  
  46  4:37  Immortal (Chrono Boost), Probe  
  47  4:41  Probe  
  52  4:49  Probe  
  52  4:52  Gateway  
  53  4:55  Probe  
  53  4:59  Stalker  
  56  5:03  Stalker  
  56  5:06  Probe  
  59  5:07  Probe  
  61  5:14  Observer (Chrono Boost)  
  61  5:17  Pylon  
  61  5:24  Probe  
  62  5:31  Gateway  
  62  5:35  Probe  
  61  5:36  Shield Battery  
  61  5:44  Stalker x2  
  61  5:49  Stalker  
  67  5:50  Probe  
  67  5:55  Probe  
  66  6:00  Gateway  
  66  6:02  Immortal  
  70  6:12  Pylon  
  70  6:14  Shield Battery, Pylon  
  70  6:24  Pylon  
  70  6:26  Pylon  
  70  6:27  Pylon  
  70  6:28  Pylon  
  70  6:29  Pylon  
  70  6:31  Pylon  
  66  6:43  Stalker  
  66  6:45  Stalker  
  66  6:46  Stalker  
  56  7:02  Immortal  
  56  7:04  Gateway  
  56  7:07  Pylon  
  59  7:10  Adept x3  
  65  7:19  Adept  
  67  7:31  Adept x3  
Show
View Real Time Build Order
Export as new Build Order

Asuna Protoss 

Build Orders: Zealot Archon, Dark Templar Rush 

Get SALT Encoding   

  12  0:00  Probe  
  13  0:12  Probe  
  14  0:20  Pylon  
  14  0:24  Probe  
  15  0:38  Probe (Chrono Boost)  
  15  0:40  Gateway  
  16  0:47  Probe (Chrono Boost)  
  16  0:48  Assimilator  
  17  0:52  Probe  
  18  0:57  Assimilator  
  18  1:05  Probe (Chrono Boost)  
  18  1:09  Gateway  
  19  1:16  Probe (Chrono Boost)  
  20  1:21  Probe (Chrono Boost)  
  21  1:27  Cybernetics Core  
  21  1:31  Probe  
  22  1:34  Pylon  
  22  1:43  Probe  
  23  1:48  Pylon  
  24  2:03  Stalker x2  
  24  2:06  Warp Gate  
  27  2:16  Twilight Council  
  27  2:32  Robotics Facility  
  27  2:38  Probe  
  28  2:50  Probe  
  29  3:03  Probe  
  29  3:04  Dark Shrine  
  29  3:05  Shield Battery  
  30  3:15  Gateway, Probe  
  32  3:27  Probe  
  31  3:39  Probe  
  30  3:44  Immortal (Chrono Boost)  
  30  3:46  Pylon  
  32  3:52  Charge (Chrono Boost)  
  32  4:04  Gateway  
  32  4:17  Immortal (Chrono Boost)  
  36  4:26  Zealot x2  
  36  4:30  Zealot  
  42  4:38  Pylon  
  42  4:52  Dark Templar  
  44  4:53  Dark Templar  
  44  4:59  Archon  
  46  5:01  Zealot  
  46  5:06  Zealot  
  50  5:23  Zealot  
  50  5:25  Zealot  
  54  5:33  Pylon  
  54  5:49  Zealot x3  
  45  6:03  Zealot  
  47  6:10  Sentry x2  
  47  6:11  Dark Templar  
  51  6:32  Zealot  
  51  6:37  Zealot x2  
  45  6:47  Zealot  
  45  6:53  Zealot  
  39  7:02  Dark Templar x2  
  43  7:10  Archon  
  43  7:14  Immortal (Chrono Boost)  
  41  7:38  Zealot x3  

Tags
 
Add a new tag
Caveats
  • Supply blocks, unpowered buildings, or Contaminate may cause inaccurate times.
  • Supply counts are checked every 10 seconds.